cohdb
Replays
Latest Replays
All Replays
Popular Replays
Top Player Replays
Match Explorer
How It Works
Community
CoH3 Stats
Reddit
Sign in to upload your games and track your stats! →
Sign in with Steam
Match 42752918
Unlisted
Match 42752918
Overview
Messages
Build Orders
End
Construct Infanterie Kompanie
Grenadier Squad
Pioneer Squad
MG 42 Machine Gun Team
Grenadier Squad
Grenadier Squad
Construct Luftwaffe Kompanie
Flak 30 Anti-aircraft Gun Team
Medical Station
GrW 34 Mortar Team
Construct Panzer Kompanie
Selects Breakthrough Battlegroup
Selects Assault Grenadiers
Selects Rapid Production
Selects Blitzkrieg
Stoßtruppen Squad
Panzer IV Medium Tank
Pioneer Squad
Pioneer Squad
Selects Tiger Heavy Tank
Panzer IV Medium Tank
Selects Smoke Bombing Run
只愛❤毛妹
MuffinMan
0
0
Comments
sign in to comment!
No comments posted yet!